 Dungeon Crawl Stone Soup version 0.29.1-1-gd02db6906a (webtiles) character file.

Game seed: 729367153217469748

7956 LustLizard the Covert (level 11, -4/56 HPs)
             Began as a Spriggan Arcane Marksman on Sept 22, 2022.
             Was a Follower of Dithmenos.
             Shot with an arrow by a centaur warrior (19 damage)
             ... on level 10 of the Dungeon.
             The game lasted 00:29:16 (13945 turns).

LustLizard the Covert (Spriggan Arcane Marksman)   Turns: 13945, Time: 00:29:16

Health: -4/56      AC:  6    Str:  6    XL:     11   Next: 3%
Magic:  14/14      EV: 18    Int: 15    God:    Dithmenos [*.....]
Gold:   298        SH:  5    Dex: 20    Spells: 3/12 levels left

rFire   + . .      SeeInvis +   a - +1 sling
rCold   . . .      Faith    .   (no shield)
rNeg    . . .      Spirit   .   r - +2 robe {Will+}
rPois   .          Reflect  +   (helmet restricted)
rElec   .          Harm     .   G - +1 cloak
rCorr   .          Rampage  .   (gloves unavailable)
Will    ++...                   (boots unavailable)
Stlth   +++++++...              m - amulet of reflection
HPRegen 0.18/turn               h - +4 ring of slaying
MPRegen 0.14/turn               j - ring of protection from fire

@: wreathed by umbra, invisible, very quick
A: very small, no large weapons, unfitting armour, see invisible, speed 3
a: Renounce Religion


You were on level 10 of the Dungeon.
You worshipped Dithmenos.
Dithmenos was aware of your devotion.
You visited 3 branches of the dungeon, and saw 12 of its levels.

You collected 445 gold pieces.
You spent 147 gold pieces at shops.

Inventory:

Hand Weapons
 a - a +1 sling (weapon)
 H - a +0 arbalest
Armour
 c - a +0 robe
 r - a +2 robe of willpower (worn)
 E - +0 steam dragon scales
 G - a +1 cloak (worn)
Jewellery
 h - a +4 ring of slaying (left hand)
 j - a ring of protection from fire (right hand)
 m - an amulet of reflection (around neck)
 n - an amulet of magic regeneration
 B - a ring of fire
 F - a ring of protection from cold
Wands
 s - a wand of paralysis (10)
 I - a wand of acid (3)
Scrolls
 b - 2 scrolls of poison
 d - 2 scrolls of teleportation {unknown}
 e - 2 scrolls of vulnerability {unknown}
 i - a scroll of brand weapon
 o - 2 scrolls of amnesia {unknown}
 p - 2 scrolls of silence {unknown}
 t - 2 scrolls of blinking
 w - a scroll of fog
 y - a scroll of enchant armour
 D - a scroll of fear
 J - a scroll of acquirement {unknown}
Potions
 f - 4 potions of lignification
 g - a potion of attraction
 k - 2 potions of haste
 l - 2 potions of ambrosia
 q - 3 potions of degeneration
 u - 2 potions of mutation
 v - 3 potions of curing
 x - 3 potions of might
 z - a potion of invisibility
 A - 2 potions of heal wounds
 C - a potion of resistance


   Skills:
 + Level 5.5 Fighting
 * Level 9.6 Ranged Weapons
 - Level 2.7 Dodging
 * Level 14.2 Stealth
 - Level 1.3 Spellcasting
 + Level 2.5 Conjurations
 - Level 4.0 Hexes
 + Level 4.8 Transmutations
 + Level 2.7 Fire Magic
 + Level 3.2 Air Magic
 + Level 3.6 Poison Magic


You had 3 spell levels left.
You knew the following spells:

 Your Spells              Type           Power      Damage    Failure   Level
a - Slow                  Hex            52%        N/A       4%          1
b - Passwall              Tmut/Erth      6%         N/A       13%         2
c - Mephitic Cloud        Conj/Pois/Air  10%        N/A       21%         3
d - Ignite Poison         Fire/Tmut/Pois 12%        N/A       16%         3

Your spell library contained the following spells:

 Spells                   Type           Power      Damage    Failure   Level
 Foxfire                  Conj/Fire      36%        2x1d5     8%          1
 Ensorcelled Hibernation  Hex/Ice        14%        N/A       16%         2
 Inner Flame              Hex/Fire       11%        N/A       19%         3
 Swiftness                Air            10%        N/A       19%         3
 Apportation              Tloc           2%         N/A       24%         1
 Conjure Flame            Conj/Fire      9%         6-21      24%         3
 Portal Projectile        Hex/Tloc       14%        N/A       30%         3
 Summon Guardian Golem    Hex/Summ       7%         N/A       30%         3
 Ozocubu's Armour         Ice            1%         N/A       56%         3
 Cause Fear               Hex            6%         N/A       41%         4
 Flame Wave               Conj/Fire      9%         2d6       61%         4
 Alistair's Intoxication  Tmut/Pois      8%         N/A       75%         5
 Freezing Cloud           Conj/Ice/Air   3%         6-21      96%         5
 Metabolic Englaciation   Hex/Ice        3%         N/A       96%         5
 Simulacrum               Ice/Necr       0%         N/A       100%        6
 Orb of Destruction       Conj           4%         9d5       100%        7
 Spellforged Servitor     Conj/Summ      2%         N/A       100%        7


Dungeon Overview and Level Annotations

Branches:
Dungeon (10/15)            Temple (1/1) D:4             Orc (1/2) D:9
   Lair: D:8-11

Altars:
Ashenzari
Cheibriados
Dithmenos
Elyvilon
Fedhas
Gozag
Hepliaklqana
Kikubaaqudgha
Makhleb
Nemelex Xobeh
Okawaru
Qazlal
Ru
Sif Muna
Trog
Uskayaw
Vehumet
Wu Jian
Xom
Yredelemnul
Zin
The Shining One

Shops:
D:6 *

Annotations:
D:7 exclusions: killer bee and upstairs


Innate Abilities, Weirdness & Mutations

You are very small and have problems with some larger weapons.
You are too small for most types of armour.
You have supernaturally acute eyesight. (SInv)
You cover ground extremely quickly. (Speed+++)


Message History

The centaur warrior completely misses you.
Okay, then.
Okay, then.
Okay, then.
The centaur warrior wields a +0 longbow.
The centaur warrior shoots an arrow.
The arrow barely misses you.
The yak bellows!
Fire: a) +1 sling
Press: ? - help, Q - select action, (/) - cycle Shift-Dir - straight line, f/p - centaur warrior
Aim: a centaur warrior, wielding a +0 longbow and quivering stones (moderately wounded, unable to see you, 76% to hit)
You shoot a sling bullet.
The sling bullet hits the centaur warrior.
The centaur warrior is heavily wounded.
The centaur warrior shoots an arrow.
You reflect the arrow off an invisible shield around you!
The arrow barely misses the centaur warrior.
The arrow hits the yak!!
The centaur warrior shoots an arrow.
The arrow misses you.
Fire: a) +1 sling
Press: ? - help, Q - select action, (/) - cycle Shift-Dir - straight line, f/p - centaur warrior
Aim: a centaur warrior, wielding a +0 longbow and quivering stones (heavily wounded, unable to see you, 76% to hit)
You shoot a sling bullet.
The sling bullet closely misses the centaur warrior.
The centaur warrior shoots an arrow.
The arrow hits you!
Fire: a) +1 sling
Press: ? - help, Q - select action, (/) - cycle Shift-Dir - straight line, f/p - centaur warrior
Aim: a centaur warrior, wielding a +0 longbow and quivering stones (heavily wounded, unable to see you, 76% to hit)
You shoot a sling bullet.
The sling bullet hits the centaur warrior.
The centaur warrior is heavily wounded.
Fire: a) +1 sling
Press: ? - help, Q - select action, (/) - cycle Shift-Dir - straight line, f/p - centaur warrior
Aim: a centaur warrior, wielding a +0 longbow and quivering stones (heavily wounded, unable to see you, 76% to hit)
You shoot a sling bullet.
The sling bullet hits the centaur warrior!
The centaur warrior is severely wounded.
The centaur warrior shoots an arrow.
The arrow hits you!
* * * LOW HITPOINT WARNING * * *
The centaur warrior shoots an arrow.
The arrow hits you!!
You die...

#...........#
###################...........#
........................>.......
..........[......................
................)................
[...........)...................
..[[........[.......c.....###..
.).....................!..#
................@..Y.Y....#
....................).Y...#
....................Y.........
###################...........
#........... #$...>......
#........... #.......#...
#$......#..


You could see a centaur warrior (unable to see you) and 4 yaks.

Vanquished Creatures
  Erica (D:8)
  A two-headed ogre (D:10)
  2 trolls
  A hornet (D:7)
  A wyvern (D:7)
  8 yaks
  3 steam dragons
  A warg (D:10)
  2 water moccasins
  4 orc warriors
  3 sky beasts (D:7)
  Duvessa (D:5)
  A black bear (D:6)
  4 ogres
  A phantom (D:5)
  A kobold brigand (D:7)
  A bullfrog (D:9)
  A necrophage (D:4)
  7 scorpions
  11 wights
  A water moccasin zombie (D:6)
  Dowan (D:5)
  6 killer bees (D:9)
  A howler monkey (D:9)
  4 bullfrog zombies (D:6)
  2 centaur zombies (D:6)
  3 hounds
  2 jellies
  10 orc priests
  2 iguanas
  9 orc wizards
  3 gnolls (D:5)
  10 adders
  An ufetubus (D:4)
  10 worms
  A dart slug (D:2)
  60 orcs
  7 bats
  11 endoplasms
  3 giant cockroaches
  6 goblins
  12 hobgoblins
  15 kobolds
  4 quokkas
  8 ball pythons
  6 frilled lizards
  5 rats
258 creatures vanquished.

Vanquished Creatures (others)
  A yak (D:10)
  2 fungi (D:8)
3 creatures vanquished.

Grand Total: 261 creatures vanquished

Notes
Turn   | Place    | Note
-------+----------+-------------------------------------------
     0 | D:1      | LustLizard the Spriggan Arcane Marksman began the quest for
                  | the Orb.
     0 | D:1      | Reached XP level 1. HP: 9/9 MP: 3/3
   276 | D:1      | Reached skill level 1 in Stealth
   319 | D:1      | Reached XP level 2. HP: 14/14 MP: 5/5
   347 | D:1      | Reached skill level 1 in Fighting
   586 | D:1      | Reached skill level 2 in Stealth
   711 | D:1      | Reached XP level 3. HP: 18/18 MP: 6/6
  1334 | D:2      | Identified the +5 ring mail "Zifrimum" {rCorr Int+2}
  1436 | D:2      | Reached skill level 3 in Stealth
  1480 | D:2      | Reached XP level 4. HP: 22/22 MP: 7/7
  1843 | D:1      | Learned a level 2 spell: Passwall
  2100 | D:3      | Reached skill level 4 in Stealth
  2223 | D:3      | Found a faded altar of an unknown god.
  2261 | D:3      | Found a burning altar of Makhleb.
  2263 | D:3      | Noticed a balrug
  2267 | D:3      | Noticed a neqoxec
  2267 | D:3      | Noticed a hellwing
  2849 | D:3      | Found a sparkling altar of Nemelex Xobeh.
  3020 | D:3      | Reached XP level 5. HP: 26/26 MP: 8/8
  3168 | D:4      | Found a staircase to the Ecumenical Temple.
  3178 | D:4      | Noticed an ogre
  3186 | Temple   | Entered the Ecumenical Temple
  3405 | D:4      | Killed an ogre
  3406 | D:4      | Reached skill level 5 in Stealth
  3873 | D:4      | Reached XP level 6. HP: 30/30 MP: 9/9
  4180 | D:5      | Entered Level 5 of the Dungeon
  4213 | D:5      | Reached skill level 6 in Stealth
  4525 | D:5      | Reached skill level 7 in Stealth
  4538 | D:5      | Found an iron altar of Okawaru.
  4577 | D:5      | Reached skill level 5 in Ranged Weapons
  4577 | D:5      | Reached XP level 7. HP: 23/35 MP: 10/10
  4887 | D:5      | Noticed Dowan
  4888 | D:5      | Reached skill level 8 in Stealth
  4891 | D:5      | Noticed Duvessa
  5581 | D:5      | Killed Duvessa
  5592 | D:5      | Killed Dowan
  5593 | D:5      | Reached skill level 9 in Stealth
  5593 | D:5      | Reached XP level 8. HP: 23/40 MP: 11/11
  6312 | D:6      | Reached skill level 10 in Stealth
  6412 | D:6      | Found Iwenoyf's Assorted Antiques.
  6420 | D:6      | Bought a scroll labelled MOXOODASHRI for 21 gold pieces
  6420 | D:6      | Bought 2 scrolls of identify for 84 gold pieces
  6420 | D:6      | Bought a scroll of identify for 42 gold pieces
  6890 | D:6      | Found a glowing golden altar of the Shining One.
  6905 | D:6      | Found a broken altar of Ashenzari.
  7107 | D:6      | Reached skill level 11 in Stealth
  7174 | D:6      | Found a basalt altar of Yredelemnul.
  7322 | D:6      | Reached XP level 9. HP: 44/45 MP: 12/12
  8472 | D:7      | Learned a level 3 spell: Mephitic Cloud
  8476 | D:7      | Learned a level 3 spell: Ignite Poison
  8609 | D:7      | Reached skill level 12 in Stealth
  8638 | D:7      | Reached skill level 1 in Transmutations
  8796 | D:7      | Reached skill level 1 in Poison Magic
  8873 | D:7      | Reached skill level 1 in Air Magic
  8880 | D:7      | Reached skill level 1 in Conjurations
  8880 | D:7      | Reached skill level 1 in Fire Magic
  9228 | D:8      | Noticed a cyclops
 10057 | D:8      | Reached XP level 10. HP: 51/51 MP: 13/13
 10149 | D:8      | Reached skill level 13 in Stealth
 10460 | D:8      | Found a hide-covered altar of Uskayaw.
 10651 | D:8      | Noticed Erica
 10706 | D:8      | Killed Erica
 10707 | D:8      | Reached skill level 5 in Fighting
 11237 | D:9      | Found a shadowy altar of Dithmenos.
 11283 | D:9      | Became a worshipper of Dithmenos the Shadowed
 11793 | D:9      | Found a staircase to the Orcish Mines.
 12299 | D:9      | Found a hazy altar of Hepliaklqana.
 12448 | D:9      | Reached * piety under Dithmenos
 12705 | D:9      | Identified the +0 pair of gloves of Theory {+Inv rF++ Str+3
                  | Int+3}
 12938 | D:9      | Found a snail-covered altar of Cheibriados.
 12981 | D:10     | Entered Level 10 of the Dungeon
 13029 | D:10     | Noticed a centaur warrior
 13374 | D:10     | Reached skill level 14 in Stealth
 13608 | D:10     | Noticed a two-headed ogre
 13667 | D:10     | Killed a two-headed ogre
 13778 | Orc:1    | Entered Level 1 of the Orcish Mines
 13850 | D:10     | Reached XP level 11. HP: 46/56 MP: 11/14
 13945 | D:10     | Shot with an arrow by a centaur warrior

Illustrated notes

Levels and vault maps discovered:
D:1:      lightli_arrival_isolated_outpost, layout_rooms,
          ebering_dispersal_statue_hall, moated_statue,
          minmay_tree_intersection, minmay_hedge_maze, minmay_surrounded
D:2:      layout_loops_ring
D:3:      layout_loops_ring, makhleb_altar_promises_db,
          nemelex_spade_bored_becter, shapermc_ecumenical_altar_ellora
D:4:      layout_basic, minmay_temple_entry_statues_pillars, eino_tiny_chamber,
          chequers_serial_rivers_small_3
D:5:      layout_basic, okawaru_ov_weapons_minmay, uniq_duvessa
D:6:      layout_loops_corners, nicolae_yredelemnul_corpse_copse,
          mainiacjoe_overflow_swirl, serial_shops, shop
D:7:      layout_gridville
D:8:      old_forge, layout_loops_cross, mainiacjoe_overflow_chevrons,
          uniq_erica
D:9:      layout_loops_ring, nicolae_hepliaklqana_hippocampus, kennysheep_mini,
          lemuel_doored_altar, hiddenorc1_lemuel, kennysheep_generic_room_10
D:10:     layout_cross, erik_lair_orcish_takeover, serial_shops,
          nicolae_lakefront_shop
Temple:   nicolae_temple_slightly_damp_pantheon
Orc:1:    layout_caves, nicolae_orc_crystal_geode

Skill      XL: |  1  2  3  4  5  6  7  8  9 10 |
---------------+-------------------------------+-----
Stealth        | 1 2 3 4 5 7 9 11 12 14 | 14.2
Fighting       | 1 2 3 4 5 |  5.5
Hexes          | 4 |  4.0
Ranged Weapons | 3 4 5 6 7 8 9 |  9.6
Transmutations | 2 4 |  4.8
Poison Magic   | 2 3 |  3.6
Air Magic      | 1 3 |  3.2
Conjurations   | 1 2 |  2.5
Fire Magic     | 1 2 |  2.7
Dodging        | |  2.7
Spellcasting   | |  1.3

Action                   |  1- 3 |  4- 6 |  7- 9 | 10-12 || total
-------------------------+-------+-------+-------+-------++-------
Melee: Sling             |       |       |       |     2 ||     2
       Punch             |       |       |       |     1 ||     1
 Fire: Sling             |   132 |   171 |   491 |   396 ||  1190
       Arbalest          |       |       |       |     1 ||     1
 Cast: Slow              |     1 |     4 |    16 |    17 ||    38
       Passwall          |       |     2 |       |       ||     2
  Use: Scroll            |     2 |     2 |     9 |     3 ||    16
       Potion            |       |       |       |     2 ||     2
Armor: Robe              |     6 |     3 |    15 |    16 ||    40
       Steam dragon scal |       |       |       |     5 ||     5
Dodge: Dodged            |    58 |    20 |   105 |   108 ||   291
Block: Other             |       |     5 |    31 |    31 ||    67
       Reflection        |       |       |     6 |     2 ||     8
